 Dungeon Sprint DCSS version 0.23-b1-13-gf37ab262a9 (webtiles) character file.

Game seed: 10054247739348753098

624 Kaderl the Grappler (level 7, 0/56 (60) HPs)
             Began as a Ghoul Gladiator on Feb 3, 2019.
             Was a Follower of Lugonu.
             Slain by Sonja
             ... wielding a +0 short sword of distortion
              (3 damage)
             ... in the Dungeon (Sprint I: "Red Sonja").
             The game lasted 00:03:02 (1162 turns).

Kaderl the Grappler (Ghoul Gladiator)               Turns: 1162, Time: 00:03:03

HP:   0/56 (60)     AC:  4    Str: 19    XL:     7   Next: 47%
MP:   6/6           EV: 16    Int:  3    God:    Lugonu [*.....]
Gold: 254           SH:  0    Dex: 11    Spells: 6/6 levels left

rFire    . . .     SeeInvis .     - Unarmed
rCold    + . .     Gourm    .   (no shield)
rNeg     + + +     Faith    .   a - +0 leather armour
rPois    ∞         Spirit   .   b - +0 helmet
rElec    .         Reflect  .   (no cloak)
rCorr    .         Harm     .   (no gloves)
MR       .....     NoTele   +   (no boots)
Stlth    +++.......             (no amulet)
HPRegen  0.00/turn              (no ring)
MPRegen  0.10/turn              (no ring)

@: rotting
A: rotting body, claws 1, carnivore, cold resistance 1, negative energy
resistance 3, inhibited regeneration, torment resistance, unbreathing
a: Renounce Religion


You were in the Dungeon.
You worshipped Lugonu.
Lugonu was aware of your devotion.
You were not hungry.

You visited 1 branch You collected 324 gold pieces.
You spent 70 gold pieces at shops.

Inventory:

Missiles
 c - 3 throwing nets (quivered)
Armour
 a - a +0 leather armour (worn)
 b - a +0 helmet (worn)
Scrolls
 j - a scroll of blinking
 l - a scroll of remove curse {unknown}
Potions
 e - a potion of curing
 f - 2 potions of heal wounds
 g - a potion of haste
 h - 2 potions of magic
 i - a potion of berserk rage
 k - a potion of brilliance {unknown}
Comestibles
 d - a ration


   Skills:
 + Level 4.7 Fighting
 + Level 3.4 Throwing
 + Level 3.5 Armour
 * Level 9.2 Dodging
 * Level 7.4 Stealth
 + Level 9.9 Unarmed Combat


You had 6 spell levels left.
You didn't know any spells.
Your spell library was empty.

Dungeon Overview and Level Annotations

Branches:
Dungeon (1/1)

Altars:
Cheibriados
Dithmenos
Elyvilon
Fedhas
Gozag
Hepliaklqana
Kikubaaqudgha
Makhleb
Nemelex Xobeh
Okawaru
Qazlal
Ru
Sif Muna
Trog
Uskayaw
Vehumet
Wu Jian
Xom
Yredelemnul
Zin
The Shining One
Jiyva
Lugonu

Shops:
D !

Annotations:
D Sonja


Innate Abilities, Weirdness & Mutations

Your body is rotting away.
You thrive on raw meat.
You are immune to poison.
You have sharp fingernails.
You are carnivorous and can eat meat at any time.
Your flesh is cold resistant. (rC+)
You are immune to negative energy. (rN+++)
You do not regenerate when monsters are visible.
You are immune to unholy pain and torment.
You can survive without breathing.


Message History

Sonja mumbles some strange words.
Sonja blinks!
Sonja unwields a +0 short sword of distortion.
Its appearance distorts for a moment.
Sonja wields a +0 blowgun.
Sonja shoots a curare-tipped needle.
The curare-tipped needle barely misses you.
You see here 4 curare-tipped needles.
You closely miss Sonja.
Sonja unwields a +0 blowgun.
Sonja wields a +0 short sword of distortion.
Its appearance distorts for a moment.
Sonja misses you. Sonja hits you but does no damage.
You feel a strange sense of stasis. Sonja closely misses you.
You completely miss Sonja.
Sonja hits you with a +0 short sword of distortion.
* * * LOW HITPOINT WARNING * * *
You feel a strange sense of stasis. Sonja misses you.
Sonja hits you with a +0 short sword of distortion.
* * * LOW HITPOINT WARNING * * *
Space bends around you.
You die...

#..'[.#..'..#..'..+
#..#####'#####'#__#
#..####..#...#(####
#..#__####..##.#
#..#_____##'#_.+
#⌠⌠#_.∩...'.(._#
####_..__##_.#+#
#_____###'#
#########@##


+(K$+ #$.$# ##.## #+# You could see Sonja.

Vanquished Creatures
  A slime creature (D)
  Sigmund (D)
  A yak (D)
  An ogre (D)
  A jelly (D)
  Ijyb (D)
6 creatures vanquished.

Notes
Turn   | Place    | Note
-------+----------+-------------------------------------------
     0 | D        | Kaderl the Ghoul Gladiator began the quest for the Orb.
     0 | D        | Reached XP level 1. HP: 17/17 MP: 0/0
     1 | D        | Noticed Ijyb
    17 | D        | Killed Ijyb
    17 | D        | Reached XP level 2. HP: 13/25 MP: 1/1
    17 | D        | Reached XP level 3. HP: 15/30 MP: 2/2
   121 | D        | Noticed an ogre
   127 | D        | HP: 1/30 [ogre/+0 giant spiked club (22)]
   131 | D        | Killed an ogre
   131 | D        | Reached skill level 5 in Unarmed Combat
   131 | D        | Reached XP level 4. HP: 1/38 MP: 3/3
   437 | D        | Noticed Sigmund
   452 | D        | Killed Sigmund
   452 | D        | Reached skill level 5 in Stealth
   452 | D        | Reached XP level 5. HP: 27/45 MP: 4/4
   452 | D        | Reached XP level 6. HP: 30/51 MP: 5/5
   583 | D        | Found a burning altar of Makhleb.
   583 | D        | Found a viscous altar of Jiyva.
   583 | D        | Found a shimmering altar of Xom.
   583 | D        | Found a corrupted altar of Lugonu.
   583 | D        | Noticed a slime creature
   593 | D        | Killed a slime creature
   593 | D        | Reached XP level 7. HP: 11/59 MP: 6/6
   731 | D        | Became a worshipper of Lugonu the Unformed
   731 | D        | Reached * piety under Lugonu
   834 | D        | Found an ornate altar of the Wu Jian Council.
   834 | D        | Found a deep blue altar of Sif Muna.
   836 | D        | Found a radiant altar of Vehumet.
   849 | D        | Found Ducid's Distillery.
   849 | D        | Found an ancient bone altar of Kikubaaqudgha.
   849 | D        | Found a stormy altar of Qazlal.
   849 | D        | Found a blossoming altar of Fedhas.
   849 | D        | Found a bloodstained altar of Trog.
   849 | D        | Found an iron altar of Okawaru.
   849 | D        | Found a glowing golden altar of the Shining One.
   849 | D        | Found a glowing silver altar of Zin.
   849 | D        | Found a white marble altar of Elyvilon.
   849 | D        | Noticed a yak
   850 | D        | Found a hazy altar of Hepliaklqana.
   850 | D        | Found a hide-covered altar of Uskayaw.
   850 | D        | Found a basalt altar of Yredelemnul.
   850 | D        | Found an opulent altar of Gozag.
   850 | D        | Found a snail-covered altar of Cheibriados.
   850 | D        | Found a sacrificial altar of Ru.
   850 | D        | Found a shadowy altar of Dithmenos.
   859 | D        | Killed a yak
   860 | D        | Found a sparkling altar of Nemelex Xobeh.
   864 | D        | Bought a potion of heal wounds for 70 gold pieces
  1144 | D        | Noticed Sonja
  1162 | D        | Slain by Sonja

Skill      XL: |  1  2  3  4  5  6  7 |
---------------+----------------------+-----
Throwing       | 2 3 |  3.4
Dodging        | 4 6 7 8 9 |  9.2
Stealth        | 2 4 5 6 7 |  7.4
Unarmed Combat | 4 5 7 9 |  9.9
Fighting       | 3 4 |  4.7
Armour         | 2 3 |  3.5

Action                   |  1- 3 |  4- 6 |  7- 9 || total
-------------------------+-------+-------+-------++-------
Melee: Unarmed           |    22 |    21 |    16 ||    59
       Punch             |       |     1 |       ||     1
 Stab: Sleeping          |     1 |     1 |     1 ||     3
  Eat: Chunk             |     2 |       |       ||     2
Armor: Leather armour    |     2 |       |     2 ||     4
Dodge: Dodged            |    11 |     8 |    14 ||    33
